Map: Pride of Altaris LE

Players

Pyromega - Winner!

  • Race: Zerg Zerg

JOFan

  • Race: Terran Terran
  • League: Gold

VOD

Have the link to the VOD?

Description

Time

  • Played on: Dec. 5, 2021, 2:48 a.m.
  • Length: 8:53
Show
View Real Time Build Order
Export as new Build Order

Pyromega Zerg - Winner!

Build Orders: Hatch First 

Get SALT Encoding   

  12  0:02  Drone  
  13  0:12  Overlord  
  13  0:16  Drone  
  14  0:30  Drone x2  
  14  0:34  Drone  
  17  0:52  Hatchery  
  17  0:55  Drone  
  17  1:11  Spawning Pool  
  17  1:13  Drone  
  17  1:30  Drone  
  18  1:49  Hatchery  
  17  1:58  Drone  
  17  1:59  Drone x2  
  20  2:06  Drone  
  20  2:07  Queen  
  23  2:11  Queen  
  25  2:19  Drone  
  25  2:20  Drone x2  
  28  2:31  Overlord  
  28  2:48  Queen x2  
  32  2:52  Drone x4  
  36  3:02  Overlord  
  36  3:03  Queen  
  36  3:04  Drone  
  39  3:07  Overlord  
  39  3:12  Drone x2  
  41  3:13  Drone  
  42  3:22  Drone x2  
  44  3:28  Queen  
  44  3:30  Queen  
  44  3:31  Drone  
  44  3:32  Drone  
  50  3:36  Drone x2  
  50  3:38  Drone  
  53  3:52  Queen  
  53  3:53  Drone x3  
  58  4:01  Overlord  
  58  4:03  Overlord  
  58  4:05  Overlord  
  58  4:14  Extractor  
  57  4:18  Queen x2, Extractor  
  60  4:35  Hatchery, Queen  
  60  4:36  Drone x2  
  60  4:37  Drone  
  65  4:38  Drone x3  
  65  4:43  Overlord x4, Extractor  
  65  4:44  Extractor  
  65  5:01  Queen  
  65  5:04  Drone x2  
  65  5:05  Drone x4  
  65  5:06  Drone x2  
  77  5:08  Drone x4  
  77  5:09  Drone  
  77  5:12  Extractor x2  
  80  5:16  Queen  
  80  5:18  Drone x3  
  85  5:22  Lair  
  83  5:36  Drone  
  83  5:37  Drone x3  
  83  5:38  Drone x3  
  90  5:46  Evolution Chamber, Queen  
  90  5:48  Evolution Chamber x2  
  90  5:49  Zergling x4  
  91  5:51  Burrow  
  91  5:52  Queen  
  91  5:57  Metabolic Boost  
  93  6:01  Drone x3  
  96  6:21  Overlord x5  
  96  6:28  Spire  
  96  6:29  Infestation Pit, Spire  
  93  6:33  Spore Crawler  
  93  6:35  Overlord x2  
  93  6:36  Spore Crawler  
  93  6:38  Overlord, Queen x2  
  95  7:00  Drone x4  
  95  7:01  Drone x14  
  113  7:21  Spore Crawler  
  113  7:22  Spore Crawler  
  111  7:24  Spore Crawler, Hive  
  110  7:31  Queen  
  110  7:32  Queen x2  
  116  7:38  Extractor x2  
  114  7:57  Drone x3  
  114  8:07  Queen x2  
  117  8:13  Hatchery  
  118  8:31  Spore Crawler  
  118  8:34  Spore Crawler  
  115  8:35  Spore Crawler  
  115  8:36  Drone x11  
  115  8:37  Drone x5  
Show
View Real Time Build Order
Export as new Build Order

JOFan Terran 

Build Orders:  

Get SALT Encoding   

  12  0:00  SCV  
  13  0:19  SCV, Supply Depot  
  14  0:25  Refinery  
  14  0:35  SCV  
  15  0:42  Barracks  
  15  0:48  SCV  
  16  1:00  SCV  
  17  1:13  SCV  
  18  1:25  SCV  
  19  1:29  Marine  
  20  1:34  Factory  
  21  1:43  Orbital Command  
  20  1:47  Marine  
  20  1:48  Refinery  
  21  2:00  Supply Depot  
  20  2:13  SCV  
  21  2:17  Barracks Reactor  
  21  2:22  Supply Depot  
  21  2:25  SCV  
  22  2:37  Starport  
  22  2:45  SCV  
  23  3:03  Hellion x2  
  23  3:04  Barracks Tech Lab  
  23  3:05  SCV  
  28  3:16  Starport Tech Lab, Command Center  
  28  3:27  Hellion  
  30  3:36  Viking  
  30  3:39  SCV  
  33  3:42  Marine  
  34  3:51  SCV  
  35  3:56  Stimpack  
  35  4:03  SCV, Barracks  
  36  4:21  SCV  
  37  4:35  Medivac  
  37  4:36  Medivac  
  41  4:39  Siege Tank  
  41  4:40  SCV  
  41  4:45  Engineering Bay x2  
  45  4:48  Marine  
  45  4:52  SCV  
  47  4:55  Supply Depot  
  47  5:00  Orbital Command  
  47  5:04  SCV  
  47  5:06  Marine  
  49  5:17  SCV  
  50  5:24  Marine  
  51  5:29  SCV  
  52  5:36  SCV  
  52  5:41  SCV  
  52  5:42  Marine  
  55  5:43  Supply Depot  
  55  5:44  Marine x2  
  55  5:46  Combat Shield  
  55  5:49  SCV  
  58  5:53  Terran Infantry Weapons Level 1  
  58  5:56  Terran Infantry Armor Level 1  
  58  5:58  Starport Reactor  
  58  6:00  Marine  
  58  6:01  SCV  
  58  6:02  Marine  
  61  6:06  Supply Depot  
  61  6:10  Refinery  
  61  6:11  Marine  
  61  6:13  Widow Mine, SCV  
  61  6:18  Marine  
  66  6:20  SCV  
  66  6:25  SCV  
  68  6:32  SCV  
  69  6:37  SCV  
  70  6:44  SCV  
  71  6:47  Marine  
  71  6:49  SCV  
  73  7:01  SCV  
  73  7:03  SCV  
  73  7:05  Marine  
  76  7:09  Barracks  
  76  7:10  Barracks  
  76  7:15  SCV  
  77  7:23  Marine  
  77  7:27  Supply Depot  
  77  7:29  Supply Depot  
  78  7:33  Refinery  
  78  7:49  Marine, SCV  
  80  8:06  Marine  
  79  8:24  Marine  
  79  8:26  Marine x3  
  82  8:31  SCV  
  84  8:35  Barracks  
  84  8:36  Armory  
  84  8:38  Armory  
Tags
 
Add a new tag
Caveats
  • Supply blocks, unpowered buildings, or Contaminate may cause inaccurate times.
  • Supply counts are checked every 10 seconds.